 Dungeon Crawl Stone Soup version 0.30-b1-2-g02819fbbbe (webtiles) character file.

Game seed: 2181625893747233219

14 Alarkh the Insei (level 2, 22/22 HPs)
             Began as a Demonspawn Warper on May 25, 2023.
             Got out of the dungeon alive.
             The game lasted 00:00:31 (231 turns).

Alarkh the Insei (Demonspawn Warper)                 Turns: 231, Time: 00:00:31

Health: 22/22      AC:  3    Str: 11    XL:     2   Next: 27%
Magic:  5/5        EV: 11    Int: 14    God:
Gold:   11         SH:  0    Dex: 12    Spells: 5/5 levels left

rFire   . .          .
                       - Unarmed
rCold   . . .        (no shield)
rNeg    . . .        a - +0 leather armour
rPois   .            (no helmet)
rElec   .            (no cloak)
rCorr   .            (no gloves)
SInv    .            (no boots)
Will    .....        (no amulet)
Stlth   +            (no ring)
HPRegen 0.23/turn    (no ring)
MPRegen 0.18/turn

%: no passive effects
@: no status effects
A: magic regeneration
a: no special abilities


You escaped.
You visited 1 branch of the dungeon, and saw 1 of its levels.

You collected 11 gold pieces.

Inventory:

Missiles
 c - 7 boomerangs of dispersal (quivered)
Armour
 a - a +0 leather armour (worn)
Scrolls
 b - 2 scrolls of blinking
 d - a scroll of amnesia {unknown}


   Skills:
 - Level 2.0 Fighting
 - Level 0.8 Throwing
 - Level 0.8 Armour
 - Level 1.7 Dodging
 + Level 2.7 Unarmed Combat
 - Level 2.0 Spellcasting
 - Level 2.6 Translocations


You had 5 spell levels left.
You didn't know any spells.
Your spell library contained the following spells:

 Spells                   Type           Power      Damage    Failure   Level
 Blink                    Tloc           16%        N/A       16%         2
 Lesser Beckoning         Tloc           16%        N/A       16%         2
 Teleport Other           Tloc           8%         N/A       30%         3
 Vhi's Electric Charge    Tloc/Air       10%        N/A       47%         3
 Manifold Assault         Tloc           8%         N/A       71%         4


Dungeon Overview and Level Annotations

Branches:
Dungeon (1/15)

Altars:


Innate Abilities, Weirdness & Mutations

You regenerate magic rapidly.


Message History

You hit the hobgoblin but do no damage. The rat bites you.
You hit the hobgoblin but do no damage. The hobgoblin misses you.
The rat bites you.
You barely miss the hobgoblin. The goblin hits you but does no damage.
The hobgoblin closely misses you. The rat barely misses you.
You hit the hobgoblin. You punch the hobgoblin.
You kill the hobgoblin!
The goblin closely misses you. The rat barely misses you.
You barely miss the goblin. The goblin hits you with a +0 dagger.
The rat closely misses you. The goblin attacks as you move away!
The goblin hits you with a +0 dagger.
You see here a frilled lizard corpse.
You miss the goblin. The goblin hits you but does no damage.
You hit the goblin.
You kill the goblin!
You hit the rat but do no damage. The rat barely misses you.
You closely miss the rat. The rat closely misses you.
You hit the rat.
The rat is severely wounded.
The rat barely misses you.
You hit the rat.
You kill the rat!
No target in view!
No target in view!
No target in view!
No target in view!
No target in view!
No target in view!
No target in view!
No target in view!
Items here: ) †††.
You aren't carrying any potions.
Unknown command.
Things that are here:
a +0 dagger; a ball python corpse You open the door.
There is an open door here.
There is a staircase leading out of the dungeon here.
Are you sure you want to leave the Dungeon?
This will make you lose the game!
You have escaped!

#......#....#)# #.
#......######.###.
#.###### #..##. #.
##.##† #....
###############.
..........# #.
#########.#.# #.
#@#~.P~P'.#.# #.
#.#≈~~~.###.# #.
#.#~.~.≈#...#####.
#≈.....~#.####....
#..~~..~#.##......
#P≈~~.~.#.##......
#.~~P..≈'.##....(.
#########.##......
#......##.[...#


There were no monsters in sight!

Vanquished Creatures
  2 endoplasms (D:1)
  A goblin (D:1)
  A hobgoblin (D:1)
  A quokka (D:1)
  2 ball pythons (D:1)
  2 bats (D:1)
  2 frilled lizards (D:1)
  A kobold (D:1)
  A rat (D:1)
13 creatures vanquished.

Notes
Turn   | Place    | Note
-------+----------+-------------------------------------------
     0 | D:1      | Alarkh the Demonspawn Warper began the quest for the Orb.
     0 | D:1      | Reached XP level 1. HP: 16/16 MP: 3/3
   127 | D:1      | Gained mutation: You regenerate magic rapidly. [demonic
                  | ancestry]
   127 | D:1      | Reached XP level 2. HP: 22/22 MP: 5/5
   231 | D:$      | Got out of the dungeon alive.

Illustrated notes

Levels and vault maps discovered:
D:1:      lightli_arrival_flooded_house, layout_basic, serial_shops, shop_statue

Skill      XL: |  1 |
---------------+----+-----
Unarmed Combat | 2 |  2.7
Fighting       | |  2.0
Throwing       | |  0.8
Armour         | |  0.8
Dodging        | |  1.7
Spellcasting   | |  2.0
Translocations | |  2.6

Action                     || total
---------------------------++-------
  Melee: Unarmed           ||    39
         Punch             ||     2
 Armour: Leather armour    ||    14
  Dodge: Dodged            ||    26
